Map: Frozen Temple

Players

cHuT - Winner!

  • Race: Terran Terran

Arranion

  • Race: Zerg Zerg
  • League: Platinum

VOD

Have the link to the VOD?

Description

Time

  • Played on: April 9, 2016, 4:17 p.m.
  • Length: 14:08
Show
View Real Time Build Order
Export as new Build Order

cHuT Terran - Winner!

Build Orders: Reaper Expand, MMM Bio 

Get SALT Encoding   

  12  0:00  SCV  
  13  0:12  SCV  
  14  0:18  Supply Depot  
  14  0:24  SCV  
  15  0:40  SCV  
  15  0:42  Barracks  
  16  0:47  Refinery  
  16  0:52  SCV  
  17  1:04  SCV  
  18  1:16  SCV  
  19  1:29  Orbital Command  
  19  1:30  Reaper  
  20  1:46  Command Center  
  20  1:57  SCV  
  21  2:02  Supply Depot  
  21  2:03  Barracks Reactor  
  21  2:09  SCV  
  22  2:21  SCV  
  23  2:26  Refinery  
  23  2:30  Factory  
  23  2:33  SCV  
  24  2:42  Marine x2  
  26  2:46  SCV  
  27  2:58  SCV  
  28  2:59  Orbital Command  
  28  3:00  Marine x2  
  30  3:10  Bunker, SCV  
  31  3:17  Starport, Marine  
  31  3:18  Marine  
  31  3:19  Factory Tech Lab  
  33  3:22  SCV  
  33  3:26  SCV  
  35  3:34  SCV  
  35  3:35  Marine x2  
  35  3:39  SCV  
  39  3:46  SCV  
  39  3:48  Siege Tank  
  43  3:51  SCV  
  43  3:55  Supply Depot  
  43  3:58  SCV  
  44  4:03  SCV  
  44  4:07  Barracks Tech Lab  
  45  4:12  Supply Depot  
  45  4:14  Supply Depot  
  45  4:16  Medivac  
  47  4:17  SCV x2  
  49  4:24  Siege Tank  
  52  4:35  Command Center, Marine  
  52  4:36  Stimpack  
  54  4:38  SCV x2  
  55  4:47  Barracks  
  55  4:56  Marauder  
  55  4:57  SCV x2  
  59  5:07  Factory Tech Lab  
  59  5:09  SCV x2  
  61  5:14  Medivac  
  63  5:21  Barracks, SCV x2  
  63  5:23  Engineering Bay x2, Refinery  
  63  5:24  Refinery  
  65  5:33  SCV x2  
  69  5:42  Marine  
  69  5:43  Marauder  
  69  5:47  Marine, SCV x2  
  69  5:48  Supply Depot  
  69  5:49  Supply Depot  
  73  5:56  Orbital Command  
  73  5:57  Starport Reactor  
  73  6:00  Terran Infantry Armor Level 1, Terran Infantry Weapons Level 1  
  73  6:04  Barracks  
  73  6:06  Barracks  
  73  6:07  SCV x2  
  73  6:11  Marine x3  
  76  6:12  Marine  
  76  6:15  Combat Shields  
  79  6:26  Orbital Command, SCV x2  
  79  6:31  Marine x4  
  86  6:35  Medivac x2  
  86  6:38  SCV x2  
  91  6:50  SCV x2  
  93  6:54  Liberator x2  
  91  7:08  SCV x2  
  86  7:09  Marine x2, Marauder x2, Barracks Tech Lab  
  86  7:10  Barracks Reactor  
  86  7:15  SCV  
  98  7:20  SCV x2  
  99  7:26  Marine  
  100  7:30  Marauder  
  100  7:32  Marauder  
  89  7:46  Marine x4, Marauder  
  93  7:54  Marauder  
  86  8:14  Armory  
  86  8:15  Supply Depot x3  
  86  8:18  Marine x4, Marauder x2  
  86  8:19  Marauder  
  96  8:28  Supply Depot  
  96  8:29  Supply Depot  
  96  8:30  Bunker  
  96  8:32  Liberator  
  96  8:40  Marauder x2, SCV x2  
  96  8:41  Marine x2, SCV  
  103  8:42  Marine x2  
  103  8:43  Marauder  
  103  8:48  Widow Mine  
  109  8:50  Medivac  
  109  8:52  SCV  
  109  8:53  Supply Depot, SCV x2  
  119  8:55  Supply Depot  
  119  8:59  Command Center  
  119  9:01  Marauder  
  121  9:04  SCV  
  121  9:05  SCV  
  123  9:12  Marine x3, Marauder x2  
  123  9:13  Marine  
  131  9:20  SCV, Sensor Tower  
  131  9:22  Refinery  
  131  9:23  Marine, Refinery  
  133  9:27  Factory Reactor  
  133  9:30  SCV x2  
  135  9:32  SCV  
  136  9:43  Missile Turret  
  136  9:44  Missile Turret  
  136  9:46  Missile Turret  
  136  9:48  Marine  
  136  9:49  Marine x3  
  136  9:50  Marauder x3  
  146  9:54  Terran Infantry Weapons Level 2, Terran Infantry Armor Level 2  
  146  9:59  Supply Depot  
  146  10:00  Supply Depot  
  146  10:13  Marine x3, Marauder x2  
  146  10:14  Marine, Marauder  
  124  10:26  Barracks  
  124  10:27  Barracks  
  123  10:35  Marauder x2  
  122  10:36  Marine x4, Marauder  
  122  10:38  Widow Mine x2, Medivac  
  122  10:39  Medivac  
  124  10:53  Marine x2  
  124  10:56  Marauder x2  
  129  10:57  Marine x3  
  129  11:02  Terran Ship Weapons Level 1  
  126  11:13  Starport, Marine x2, Fusion Core  
  126  11:14  Barracks Reactor x2  
  126  11:16  Concussive Shells, Marauder, Barracks Tech Lab x2  
  130  11:19  Marine x2  
  130  11:20  Marauder x2  
  128  11:34  Liberator x2  
  128  11:37  Marauder  
  116  11:41  Marauder x2  
  116  11:45  SCV x2  
  116  11:46  SCV  
  115  11:50  Marine x3, Marauder x2  
  115  11:51  Marine, Widow Mine  
  115  11:52  Widow Mine  
  127  11:58  Marauder  
  127  12:05  SCV x3  
  127  12:06  Marauder x2  
  134  12:08  Planetary Fortress  
  134  12:12  Marauder  
  131  12:17  SCV  
  131  12:18  Marine x4, Marauder  
  131  12:20  Marauder  
  140  12:23  Starport Tech Lab  
  140  12:27  Supply Depot  
  138  12:38  Marauder  
  138  12:39  Marine x4, Marauder x3  
  138  12:42  Widow Mine  
  152  12:47  Missile Turret  
  152  12:59  Marauder  
  152  13:00  Marauder x2  
  152  13:01  Marine x4  
  152  13:14  Marauder x2  
  144  13:20  Marine x4, Marauder  
  144  13:26  Marine x2  
  145  13:35  Marine  
  145  13:36  Marauder  
  145  13:37  Marine x2  
  148  13:42  Marauder  
  148  13:44  Marine x2  
Show
View Real Time Build Order
Export as new Build Order

Arranion Zerg 

Build Orders: Hatch First 

Get SALT Encoding   

  12  0:01  Drone  
  13  0:13  Overlord  
  13  0:19  Drone  
  14  0:32  Drone  
  14  0:33  Drone  
  17  0:35  Drone  
  17  0:53  Hatchery  
  17  0:56  Drone  
  17  1:12  Spawning Pool  
  17  1:14  Extractor  
  17  1:15  Drone  
  16  1:19  Drone  
  16  1:25  Drone  
  18  1:34  Drone  
  19  1:40  Overlord  
  19  1:51  Drone  
  20  2:02  Queen  
  20  2:03  Extractor  
  20  2:05  Zergling x4  
  23  2:08  Queen  
  25  2:15  Drone  
  25  2:19  Overlord  
  26  2:30  Drone x2  
  28  2:39  Drone x2  
  29  2:52  Metabolic Boost  
  29  2:58  Roach Warren  
  28  2:59  Drone x3  
  28  3:00  Drone  
  32  3:14  Drone x3  
  32  3:16  Drone  
  36  3:24  Lair  
  36  3:25  Extractor  
  35  3:31  Drone x3  
  35  3:32  Drone  
  35  3:34  Drone  
  40  3:35  Drone  
  41  3:59  Drone  
  41  4:00  Drone  
  41  4:01  Overlord x2  
  41  4:02  Overlord  
  43  4:11  Overlord  
  43  4:18  Evolution Chamber  
  43  4:20  Evolution Chamber, Spore Crawler  
  43  4:22  Spore Crawler  
  39  4:24  Drone, Extractor  
  39  4:25  Drone x2, Extractor  
  39  4:28  Glial Reconstitution  
  39  4:30  Roach x5  
  50  4:33  Roach  
  52  4:48  Zerg Missile Weapons Level 1  
  52  5:02  Zerg Ground Armor Level 1  
  52  5:03  Drone  
  52  5:04  Drone x10  
  63  5:18  Spine Crawler  
  62  5:21  Spine Crawler  
  61  5:29  Zergling x8  
  65  5:40  Roach x5  
  65  5:42  Overlord  
  75  6:00  Overlord x3  
  75  6:10  Roach x2  
  79  6:21  Roach  
  79  6:22  Roach x7  
  95  6:37  Ravager  
  95  6:38  Ravager x7  
  105  6:40  Roach x2  
  105  6:45  Overlord x2  
  99  7:08  Roach x7  
  108  7:14  Ravager x3  
  105  7:40  Roach  
  105  7:41  Roach x6  
  97  8:03  Roach  
  97  8:04  Roach x6  
  109  8:15  Zerg Missile Weapons Level 2  
  109  8:20  Hatchery, Zerg Ground Armor Level 2  
  108  8:28  Drone  
  108  8:29  Drone x8  
  108  8:33  Queen  
  119  8:43  Overlord x3  
  119  8:48  Extractor  
  118  8:49  Extractor, Spire  
  118  8:54  Infestation Pit  
  115  8:59  Spine Crawler  
  115  9:01  Drone x4  
  118  9:18  Drone x5  
  118  9:19  Drone x3  
  126  9:28  Overlord  
  126  9:41  Roach  
  126  9:42  Roach x2  
  132  9:57  Roach  
  132  9:58  Roach x8  
  151  10:00  Ravager x5  
  132  10:18  Roach  
  132  10:19  Roach x7  
  102  10:33  Roach  
  102  10:34  Roach x7  
  90  10:49  Roach x5  
  86  10:50  Queen x2  
  86  10:51  Queen  
  84  11:12  Ravager  
  84  11:13  Ravager x10  
  84  11:16  Zergling x18  
  92  11:54  Queen  
  94  12:06  Overseer  
  91  12:30  Drone  
  91  12:31  Drone x10  
  102  12:42  Hatchery, Corruptor x4  
  102  12:43  Roach Warren  
  69  13:27  Roach  
  69  13:28  Roach x10  
Tags
 
Add a new tag
Caveats
  • Supply blocks, unpowered buildings, or Contaminate may cause inaccurate times.
  • Supply counts are checked every 10 seconds.